Lightning vs Kings
Created - February 22, 2022 at 19:40
Goals
|
| Lightning |
0 |
2 |
0 |
2 |
| Kings |
2 |
0 |
1 |
3 |
|
Shots
|
| Lightning |
9 |
13 |
19 |
41 |
| Kings |
8 |
9 |
7 |
24 |
|
1st period
1. Kings , Anze Kopitar 13 (Teuvo Teravainen 14, Tyler Toffoli 13) at 8:03
2. Kings , Byron Bitz 3 (Seth Jones 29) at 16:52
Penalties :
No Penalty
2nd period
3. Lightning , Oscar Sundqvist 6 (Jesper Fast 4, Ondrej Palat 5) at 12:00
4. Lightning , Jesper Fast 6 (Ondrej Palat 6, Shayne Gostisbehere 9) at 17:16
Penalties :
Mark Scheifele (T.B) for Tripping (Minor) at 5:46, Anze Kopitar (L.A) for Slashing (Minor) at 17:19
3rd period
5. Kings , Derek Boogaard 8 (Dalton Prout 2, Tim Connolly 6) at 10:08
Penalties :
Colton Parayko (L.A) for Hooking (Minor) at 0:44, Joni Pitkanen (T.B) for Boarding (Minor) at 1:34, Colton Parayko (L.A) for Cross-checking (Minor) at 11:50, Teuvo Teravainen (L.A) for Tripping (Minor) at 15:35
Goalie Stats
Jimmy Howard (T.B), 21 saves from 24 shots - (0.875), L, 8-8-3, 58:59 minutes
Jonathan Bernier (L.A), 39 saves from 41 shots - (0.951), W, 6-4-2, 60:00 minutes
Players Stats for Lightning
Player Name G A P +/- PIM S H SB GA TA FO MP PP MP PK MP
------------------------------------------------------------------------------------
Brandon Sutter 0 0 0 0 0 2 1 0 0 1 3/10 15:00 0:00 1:01
Brayden Point 0 0 0 0 0 1 0 0 0 0 3/7 14:10 3:09 0:41
Brent Seabrook 0 0 0 0 0 3 1 0 0 0 0/0 18:10 0:00 1:54
Conor Sheary 0 0 0 0 0 0 1 0 0 0 1/1 14:34 0:00 0:47
Derek Meech 0 0 0 -3 0 0 1 1 0 1 0/0 13:34 0:00 0:10
Jesper Fast 1 1 2 2 0 3 0 0 0 0 0/1 8:22 0:00 0:00
Jimmy Vesey 0 0 0 0 0 4 0 0 0 0 0/0 14:30 3:09 1:06
Joni Pitkanen 0 0 0 -3 2 1 2 0 0 0 0/0 16:16 2:56 0:45
Justin Schultz 0 0 0 0 0 1 1 0 0 2 0/0 19:40 2:57 0:55
Kevin Shattenkirk 0 0 0 2 0 5 0 2 0 2 0/0 27:26 3:50 1:54
Kyle Clifford 0 0 0 -3 0 5 0 0 1 0 0/0 22:33 3:35 1:17
Mark Scheifele 0 0 0 -3 2 1 0 0 0 0 14/28 21:45 3:38 0:20
Nick Bjugstad 0 0 0 -3 0 4 0 0 0 0 1/1 20:43 3:35 0:00
Nikolaj Ehlers 0 0 0 0 0 3 0 0 0 0 0/0 13:19 3:09 0:00
Ondrej Palat 0 2 2 2 0 2 0 0 0 0 1/1 8:33 0:03 0:08
Oscar Sundqvist 1 0 1 2 0 1 1 0 0 0 1/2 8:25 0:03 0:00
Sergei Shirokov 0 0 0 0 0 2 2 0 0 0 0/0 13:59 0:00 0:18
Shayne Gostisbehere 0 1 1 2 0 3 2 0 0 2 0/0 25:01 3:50 0:00
Players Stats for Kings
Player Name G A P +/- PIM S H SB GA TA FO MP PP MP PK MP
------------------------------------------------------------------------------------
Aaron Ekblad 0 0 0 0 0 1 0 2 1 0 0/0 19:15 1:39 0:15
Anze Kopitar 1 0 1 0 2 1 1 0 1 0 12/24 19:46 1:24 2:31
Byron Bitz 1 0 1 2 0 1 0 0 0 0 0/0 11:22 0:00 1:20
Colton Parayko 0 0 0 1 4 0 4 0 0 0 0/0 24:38 1:42 2:09
Dalton Prout 0 1 1 0 0 1 1 1 0 0 0/0 17:46 0:09 2:38
Derek Boogaard 1 0 1 2 0 1 4 0 0 0 0/0 12:12 0:00 1:46
Eric Gryba 0 0 0 0 0 0 1 0 0 0 0/0 16:06 0:00 2:35
Gabriel Landeskog 0 0 0 0 0 2 0 0 0 0 1/1 18:25 1:04 1:31
Henrik Sedin 0 0 0 -1 0 2 1 0 0 0 2/3 11:23 0:00 0:55
Joe Pavelski 0 0 0 0 0 2 0 0 1 0 0/1 18:06 0:08 3:27
Jonathan Drouin 0 0 0 -1 0 0 0 0 1 0 0/0 11:56 1:21 0:00
Mikko Rantanen 0 0 0 -1 0 1 0 0 0 0 0/1 11:56 1:21 0:00
Nathan MacKinnon 0 0 0 0 0 5 2 0 0 0 9/14 15:19 1:17 0:18
Robert Hagg 0 0 0 0 0 0 1 0 0 0 0/0 17:21 0:09 4:09
Seth Jones 0 1 1 1 0 1 1 1 2 1 0/0 23:22 1:01 1:48
Teuvo Teravainen 0 1 1 0 2 4 2 0 1 0 0/0 15:28 1:25 0:00
Tim Connolly 0 1 1 2 0 1 1 0 1 0 3/6 10:02 0:00 0:00
Tyler Toffoli 0 1 1 0 0 1 1 2 0 0 0/1 17:37 1:25 1:46
3 Stars
1 - Jonathan Bernier (L.A)
2 - Derek Boogaard (L.A)
3 - Jesper Fast (T.B)
Power Play
Lightning - 0 on 4 Attempt(s) - 0.00%
Kings - 0 on 2 Attempt(s) - 0.00%
Penalty Kill
Lightning - 2 on 2 Attempt(s) - 100.00%
- Score 0 goal in Penalty Kill
Kings - 4 on 4 Attempt(s) - 100.00%
- Score 0 goal in Penalty Kill
Team Stat
Lightning - Hits : 12 - Faceoff Wins : 24 - Blocked Shots : 3 - Penalty Minutes : 4
Kings - Hits : 20 - Faceoff Wins : 27 - Blocked Shots : 6 - Penalty Minutes : 8
Official
Referees : Michael Markovic and Brandon Blandina
Linesman : Devin Berg and Ryan Daisy
Game Notes
19:11 of 3rd period - Lightning goal is going for a video replay. After video review, No Goal. The goalkeeper has been pushed into the net together with the puck after making a save.
Finance
Level 1 -- Attendance: 6000 (100.00%) -- Ticket Income $600,000
Level 2 -- Attendance: 5000 (100.00%) -- Ticket Income $300,000
Level 3 -- Attendance: 1810 (90.50%) -- Ticket Income $63,350
Level 4 -- Attendance: 4000 (100.00%) -- Ticket Income $100,000
Luxury Box -- Attendance: 960 (96.00%) -- Ticket Income $192,000
Game was played at the Staples Center.
Total Attendance: 17770 (98.72%)
Total Ticket Income: $1,255,350
Other Income: $188,302
Total Income: $1,443,652
Lightning
5 vs 5 Forward
Center Left Wing Right Wing Time % Phy DF OF
1 Mark Scheifele Kyle Clifford Nick Bjugstad 40 1 2 2
2 Brandon Sutter Sergei Shirokov Conor Sheary 30 1 2 2
3 Brayden Point Jimmy Vesey Nikolaj Ehlers 20 1 2 2
4 Oscar Sundqvist Ondrej Palat Jesper Fast 10 1 2 2
5 vs 5 Defense
Defense Defense Time % Phy DF OF
1 Kevin Shattenkirk Shayne Gostisbehere 40 1 2 2
2 Justin Schultz Brent Seabrook 30 1 2 2
3 Joni Pitkanen Derek Meech 20 1 2 2
4 Kevin Shattenkirk Shayne Gostisbehere 10 1 2 2
PowerPlay Forward
Center Left Wing Right Wing Time % Phy DF OF
1 Mark Scheifele Kyle Clifford Nick Bjugstad 60 1 2 2
2 Brayden Point Jimmy Vesey Nikolaj Ehlers 40 1 2 2
PowerPlay Defense
Defense Defense Time % Phy DF OF
1 Kevin Shattenkirk Shayne Gostisbehere 60 1 2 2
2 Justin Schultz Joni Pitkanen 40 1 2 2
Penalty Kill 4 Players Forward
Center Wing Time % Phy DF OF
1 Mark Scheifele Kyle Clifford 60 1 2 2
2 Brandon Sutter Sergei Shirokov 40 1 2 2
Penalty Kill 4 Players Defense
Defense Defense Time % Phy DF OF
1 Kevin Shattenkirk Brent Seabrook 60 1 2 2
2 Justin Schultz Joni Pitkanen 40 1 2 2
Penalty Kill - 3 Players Forward
Forward Time % Phy DF OF
1 Mark Scheifele 60 1 2 2
2 Brandon Sutter 40 1 2 2
Penalty Kill - 3 Players Defense
Defense Defense Time % Phy DF OF
1 Kevin Shattenkirk Brent Seabrook 60 1 2 2
2 Justin Schultz Joni Pitkanen 40 1 2 2
4 vs 4 Forward
Center Wing Time % Phy DF OF
1 Mark Scheifele Kyle Clifford 60 1 2 2
2 Brandon Sutter Nick Bjugstad 40 1 2 2
4 vs 4 Defense
Defense Defense Time % Phy DF OF
1 Kevin Shattenkirk Shayne Gostisbehere 60 1 2 2
2 Justin Schultz Joni Pitkanen 40 1 2 2
Last Minutes Offensive
Center Left Wing Right Wing Defense Defense
Mark Scheifele Kyle Clifford Nick Bjugstad Kevin Shattenkirk Shayne Gostisbehere
Last Minutes Defensive
Center Left Wing Right Wing Defense Defense
Mark Scheifele Kyle Clifford Nick Bjugstad Kevin Shattenkirk Brent Seabrook
Goaltenders
Starting : Jimmy Howard
Backup : Alex Nedeljkovic
Extra Forwards
Normal : Brayden Point, Nikolaj Ehlers, Conor Sheary - PP : Oscar Sundqvist, Ondrej Palat - PK : Conor Sheary
Extra Defensemen
Normal : Shayne Gostisbehere, Derek Meech, Justin Schultz - PP : Shayne Gostisbehere - PK : Derek Meech, Justin Schultz
Penalty Shots
Kyle Clifford, Mark Scheifele, Brandon Sutter, Sergei Shirokov, Nick Bjugstad
Scratches
Alex Killorn (Healthy), Cody Goloubef (Broken Left Index Finger Injury), Erik Christensen (Healthy), James Neal (Healthy), Roman Josi (Healthy)
Kings
5 vs 5 Forward
Center Left Wing Right Wing Time % Phy DF OF
1 Anze Kopitar Tyler Toffoli Teuvo Teravainen 30 0 2 3
2 Nathan MacKinnon Gabriel Landeskog Joe Pavelski 30 0 2 3
3 Henrik Sedin Jonathan Drouin Mikko Rantanen 20 0 2 3
4 Tim Connolly Derek Boogaard Byron Bitz 20 2 2 1
5 vs 5 Defense
Defense Defense Time % Phy DF OF
1 Colton Parayko Seth Jones 40 0 3 2
2 Dalton Prout Aaron Ekblad 30 0 3 2
3 Eric Gryba Robert Hagg 20 0 3 2
4 Colton Parayko Aaron Ekblad 10 0 3 2
PowerPlay Forward
Center Left Wing Right Wing Time % Phy DF OF
1 Nathan MacKinnon Tyler Toffoli Teuvo Teravainen 60 0 1 4
2 Anze Kopitar Jonathan Drouin Mikko Rantanen 40 0 1 4
PowerPlay Defense
Defense Defense Time % Phy DF OF
1 Gabriel Landeskog Seth Jones 60 0 1 4
2 Colton Parayko Aaron Ekblad 40 0 1 4
Penalty Kill 4 Players Forward
Center Wing Time % Phy DF OF
1 Anze Kopitar Joe Pavelski 60 0 4 1
2 Gabriel Landeskog Byron Bitz 40 0 4 1
Penalty Kill 4 Players Defense
Defense Defense Time % Phy DF OF
1 Robert Hagg Colton Parayko 60 1 4 0
2 Dalton Prout Eric Gryba 40 1 4 0
Penalty Kill - 3 Players Forward
Forward Time % Phy DF OF
1 Anze Kopitar 60 0 4 1
2 Gabriel Landeskog 40 0 4 1
Penalty Kill - 3 Players Defense
Defense Defense Time % Phy DF OF
1 Robert Hagg Colton Parayko 60 1 4 0
2 Dalton Prout Eric Gryba 40 1 4 0
4 vs 4 Forward
Center Wing Time % Phy DF OF
1 Anze Kopitar Gabriel Landeskog 60 0 2 3
2 Nathan MacKinnon Tyler Toffoli 40 0 2 3
4 vs 4 Defense
Defense Defense Time % Phy DF OF
1 Colton Parayko Seth Jones 60 0 2 3
2 Robert Hagg Aaron Ekblad 40 0 2 3
Last Minutes Offensive
Center Left Wing Right Wing Defense Defense
Anze Kopitar Tyler Toffoli Teuvo Teravainen Colton Parayko Seth Jones
Last Minutes Defensive
Center Left Wing Right Wing Defense Defense
Anze Kopitar Gabriel Landeskog Joe Pavelski Colton Parayko Seth Jones
Goaltenders
Starting : Jonathan Bernier
Backup : Jonas Gustavsson
Extra Forwards
Normal : Jonathan Drouin, Tyler Toffoli, Gabriel Landeskog - PP : Joe Pavelski, Henrik Sedin - PK : Tyler Toffoli
Extra Defensemen
Normal : Aaron Ekblad, Robert Hagg, Seth Jones - PP : Aaron Ekblad - PK : Seth Jones, Aaron Ekblad
Penalty Shots
Anze Kopitar, Tyler Toffoli, Derek Boogaard, Joe Pavelski, Teuvo Teravainen
Scratches
Dan Hamhuis (Healthy), Tom Wilson (Suspend)
% Time on Ice - Lightning
Lines # - Real PCT - Wanted PCT - Time Play
Normal Forward
1 - 33% - 40% - 15:54
2 - 29% - 30% - 13:48
3 - 21% - 20% - 10:03
4 - 17% - 10% - 8:22
Normal Defense
1 - 37% - 40% - 17:58
2 - 34% - 30% - 16:34
3 - 24% - 20% - 11:27
4 - 4% - 10% - 2:08
PP Forward
1 - 54% - 60% - 3:38
2 - 46% - 40% - 3:09
PP Defense
1 - 57% - 60% - 3:50
2 - 43% - 40% - 2:57
PK Forward
1 - 89% - 60% - 2:31
2 - 11% - 40% - 0:18
PK Defense
1 - 67% - 60% - 1:54
2 - 33% - 40% - 0:55
PK3 Forward
1 - 0% - 60%
2 - 0% - 40%
PK3 Defense
1 - 0% - 60%
2 - 0% - 40%
44 Forward
1 - 71% - 60% - 0:49
2 - 29% - 40% - 0:20
44 Defense
1 - 57% - 60% - 0:39
2 - 43% - 40% - 0:30
Last Minute Offensive - 1:08
Last Minute Defensive - 0:00
Total
Forward - 60:00
Defense - 60:00
|
% Time on Ice - Kings
Lines # - Real PCT - Wanted PCT - Time Play
Normal Forward
1 - 29% - 30% - 14:07
2 - 28% - 30% - 13:32
3 - 22% - 20% - 10:25
4 - 21% - 20% - 10:02
Normal Defense
1 - 40% - 40% - 19:09
2 - 28% - 30% - 13:42
3 - 27% - 20% - 12:59
4 - 5% - 10% - 2:16
PP Forward
1 - 52% - 60% - 1:28
2 - 48% - 40% - 1:21
PP Defense
1 - 41% - 60% - 1:10
2 - 59% - 40% - 1:39
PK Forward
1 - 80% - 60% - 5:27
2 - 20% - 40% - 1:20
PK Defense
1 - 62% - 60% - 4:12
2 - 38% - 40% - 2:35
PK3 Forward
1 - 0% - 60%
2 - 0% - 40%
PK3 Defense
1 - 0% - 60%
2 - 0% - 40%
44 Forward
1 - 68% - 60% - 0:47
2 - 32% - 40% - 0:22
44 Defense
1 - 100% - 60% - 1:09
2 - 0% - 40% - 0:00
Last Minute Offensive - 0:00
Last Minute Defensive - 1:09
Total
Forward - 60:00
Defense - 60:00
|
Play-by-Play
1st period
0:01 of 1st period - Anze Kopitar wins face-off versus Mark Scheifele in neutral zone.
0:26 of 1st period - Kevin Shattenkirk is hit by Nathan MacKinnon and loses puck.
0:35 of 1st period - Snap shot by Gabriel Landeskog.
0:35 of 1st period - Shot Blocked by Kevin Shattenkirk.
0:51 of 1st period - Slapshot by Kevin Shattenkirk.
0:51 of 1st period - Shot Blocked by Aaron Ekblad.
0:53 of 1st period - Slapshot by Kevin Shattenkirk.
0:53 of 1st period - Shot Misses the Net.
0:55 of 1st period - Snap shot by Nikolaj Ehlers.
0:55 of 1st period - Shot Misses the Net.
0:57 of 1st period - Slapshot by Kevin Shattenkirk.
0:57 of 1st period - Stopped by Jonathan Bernier without a rebound.
0:58 of 1st period - Tim Connolly wins face-off versus Jesper Fast in Kings zone.
1:12 of 1st period - Brent Seabrook is hit by Derek Boogaard and loses puck.
2:23 of 1st period - Wrist shot by Brandon Sutter.
2:23 of 1st period - Shot Blocked by Tyler Toffoli.
2:25 of 1st period - Slapshot by Joni Pitkanen.
2:25 of 1st period - Deflect By Seth Jones.
2:25 of 1st period - Stopped by Jonathan Bernier with a rebound.
2:59 of 1st period - Snap shot by Nikolaj Ehlers.
2:59 of 1st period - Stopped by Jonathan Bernier without a rebound.
3:00 of 1st period - Nathan MacKinnon wins face-off versus Brayden Point in Kings zone.
3:21 of 1st period - Snap shot by Nathan MacKinnon.
3:21 of 1st period - Stopped by Jimmy Howard without a rebound.
3:22 of 1st period - Mark Scheifele wins face-off versus Anze Kopitar in Lightning zone.
3:22 of 1st period - Mark Scheifele is hit by Tyler Toffoli.
5:00 of 1st period - Wrist shot by Justin Schultz.
5:00 of 1st period - Stopped by Jonathan Bernier with a rebound.
5:43 of 1st period - Wrist shot by Brayden Point.
5:43 of 1st period - Deflect By Gabriel Landeskog.
5:43 of 1st period - Shot Misses the Net.
5:43 of 1st period - Puck is out of play.
5:44 of 1st period - Anze Kopitar wins face-off versus Brayden Point in Kings zone.
6:09 of 1st period - Kyle Clifford is hit by Derek Boogaard and loses puck.
6:32 of 1st period - Robert Hagg is hit by Shayne Gostisbehere and loses puck.
7:01 of 1st period - Slapshot by Kevin Shattenkirk.
7:01 of 1st period - Stopped by Jonathan Bernier with a rebound.
7:47 of 1st period - Derek Meech is hit by Derek Boogaard and loses puck.
7:51 of 1st period - Icing by Nick Bjugstad.
7:52 of 1st period - Anze Kopitar wins face-off versus Mark Scheifele in Lightning zone.
8:03 of 1st period - Wrist shot by Anze Kopitar.
8:03 of 1st period - Goal by Anze Kopitar - Lightning : 0 - Kings : 1.
8:04 of 1st period - Nathan MacKinnon wins face-off versus Mark Scheifele in neutral zone.
8:07 of 1st period - Wrist shot by Nathan MacKinnon.
8:07 of 1st period - Stopped by Jimmy Howard without a rebound.
8:08 of 1st period - Nathan MacKinnon wins face-off versus Mark Scheifele in Lightning zone.
8:17 of 1st period - Slapshot by Nathan MacKinnon.
8:17 of 1st period - Shot Misses the Net.
8:19 of 1st period - Wrist shot by Joe Pavelski.
8:19 of 1st period - Shot Hit the Post.
9:07 of 1st period - Icing by Derek Meech.
9:08 of 1st period - Brayden Point wins face-off versus Nathan MacKinnon in Lightning zone.
11:19 of 1st period - Aaron Ekblad is hit by Brandon Sutter and loses puck.
12:11 of 1st period - Slapshot by Gabriel Landeskog.
12:11 of 1st period - Stopped by Jimmy Howard with a rebound.
12:15 of 1st period - Wrist shot by Nathan MacKinnon.
12:15 of 1st period - Stopped by Jimmy Howard with a rebound.
12:38 of 1st period - Wrist shot by Nick Bjugstad.
12:38 of 1st period - Shot Misses the Net.
12:52 of 1st period - Slapshot by Mark Scheifele.
12:52 of 1st period - Deflect By Kyle Clifford.
12:52 of 1st period - Stopped by Jonathan Bernier without a rebound.
12:53 of 1st period - Brandon Sutter wins face-off versus Anze Kopitar in Kings zone.
12:54 of 1st period - Wrist shot by Sergei Shirokov.
12:54 of 1st period - Stopped by Jonathan Bernier with a rebound.
13:11 of 1st period - Aaron Ekblad is hit by Brent Seabrook and loses puck.
13:53 of 1st period - Snap shot by Brayden Point.
13:53 of 1st period - Shot Misses the Net.
13:55 of 1st period - Snap shot by Nikolaj Ehlers.
13:55 of 1st period - Shot Hit the Post.
14:05 of 1st period - Snap shot by Brandon Sutter.
14:05 of 1st period - Shot Misses the Net.
14:27 of 1st period - Slapshot by Seth Jones.
14:27 of 1st period - Shot Misses the Net.
14:29 of 1st period - Snap shot by Henrik Sedin.
14:29 of 1st period - Stopped by Jimmy Howard with a rebound.
15:13 of 1st period - Slapshot by Jimmy Vesey.
15:13 of 1st period - Stopped by Jonathan Bernier with a rebound.
15:15 of 1st period - Snap shot by Brent Seabrook.
15:15 of 1st period - Stopped by Jonathan Bernier without a rebound.
15:16 of 1st period - Mark Scheifele wins face-off versus Tim Connolly in Kings zone.
15:30 of 1st period - Wrist shot by Kyle Clifford.
15:30 of 1st period - Shot Misses the Net.
16:52 of 1st period - Wrist shot by Byron Bitz.
16:52 of 1st period - Goal by Byron Bitz - Lightning : 0 - Kings : 2.
16:53 of 1st period - Mark Scheifele wins face-off versus Nathan MacKinnon in neutral zone.
17:34 of 1st period - Off-side.
17:35 of 1st period - Brayden Point wins face-off versus Tim Connolly in neutral zone.
17:44 of 1st period - Wrist shot by Jimmy Vesey.
17:44 of 1st period - Shot Blocked by Dalton Prout.
17:50 of 1st period - Shayne Gostisbehere is hit by Dalton Prout and loses puck.
18:11 of 1st period - Wrist shot by Teuvo Teravainen.
18:11 of 1st period - Stopped by Jimmy Howard without a rebound.
18:12 of 1st period - Nathan MacKinnon wins face-off versus Mark Scheifele in Lightning zone.
Goals for this period are 0 for Lightning vs 2 for Kings.
Shots for this period are 9 for Lightning vs 8 for Kings.
2nd period
0:01 of 2nd period - Mark Scheifele wins face-off versus Anze Kopitar in neutral zone.
0:26 of 2nd period - Kevin Shattenkirk is hit by Colton Parayko.
0:52 of 2nd period - Snap shot by Nikolaj Ehlers.
0:52 of 2nd period - Stopped by Jonathan Bernier with a rebound.
0:58 of 2nd period - Jimmy Vesey is hit by Eric Gryba and loses puck.
1:15 of 2nd period - Slapshot by Shayne Gostisbehere.
1:15 of 2nd period - Stopped by Jonathan Bernier with a rebound.
1:31 of 2nd period - Snap shot by Teuvo Teravainen.
1:31 of 2nd period - Stopped by Jimmy Howard with a rebound.
2:16 of 2nd period - Wrist shot by Brandon Sutter.
2:16 of 2nd period - Shot Misses the Net.
2:44 of 2nd period - Slapshot by Tim Connolly.
2:44 of 2nd period - Stopped by Jimmy Howard with a rebound.
2:58 of 2nd period - Wrist shot by Teuvo Teravainen.
2:58 of 2nd period - Shot Misses the Net.
3:00 of 2nd period - Slapshot by Aaron Ekblad.
3:00 of 2nd period - Deflect By Tyler Toffoli.
3:00 of 2nd period - Stopped by Jimmy Howard without a rebound.
3:01 of 2nd period - Nathan MacKinnon wins face-off versus Brandon Sutter in Lightning zone.
3:10 of 2nd period - Wrist shot by Nathan MacKinnon.
3:10 of 2nd period - Stopped by Jimmy Howard without a rebound.
3:11 of 2nd period - Nathan MacKinnon wins face-off versus Brandon Sutter in Lightning zone.
4:26 of 2nd period - Snap shot by Joe Pavelski.
4:26 of 2nd period - Shot Misses the Net.
4:56 of 2nd period - Wrist shot by Brandon Sutter.
4:56 of 2nd period - Shot Misses the Net.
4:58 of 2nd period - Slapshot by Brandon Sutter.
4:58 of 2nd period - Stopped by Jonathan Bernier with a rebound.
5:00 of 2nd period - Snap shot by Brent Seabrook.
5:00 of 2nd period - Stopped by Jonathan Bernier without a rebound.
5:01 of 2nd period - Mark Scheifele wins face-off versus Anze Kopitar in Kings zone.
5:27 of 2nd period - Icing by Shayne Gostisbehere.
5:28 of 2nd period - Henrik Sedin wins face-off versus Brayden Point in Lightning zone.
5:39 of 2nd period - Snap shot by Nikolaj Ehlers.
5:39 of 2nd period - Shot Misses the Net.
5:41 of 2nd period - Slapshot by Shayne Gostisbehere.
5:41 of 2nd period - Stopped by Jonathan Bernier without a rebound.
5:42 of 2nd period - Mark Scheifele wins face-off versus Anze Kopitar in Kings zone.
5:46 of 2nd period - Minor Penalty to Mark Scheifele for Tripping.
5:47 of 2nd period - Anze Kopitar wins face-off versus Brandon Sutter in Lightning zone.
5:52 of 2nd period - Wrist shot by Mikko Rantanen.
5:52 of 2nd period - Shot Misses the Net.
5:54 of 2nd period - Snap shot by Mikko Rantanen.
5:54 of 2nd period - Stopped by Jimmy Howard with a rebound.
6:00 of 2nd period - Wrist shot by Anze Kopitar.
6:00 of 2nd period - Shot Blocked by Kevin Shattenkirk.
6:14 of 2nd period - Brandon Sutter is hit by Teuvo Teravainen and loses puck.
6:35 of 2nd period - Snap shot by Jimmy Vesey.
6:35 of 2nd period - Stopped by Jonathan Bernier with a rebound.
7:46 of 2nd period - Penalty to Mark Scheifele is over, Mark Scheifele is back on ice.
8:27 of 2nd period - Robert Hagg is hit by Joni Pitkanen and loses puck.
8:57 of 2nd period - Icing by Oscar Sundqvist.
8:58 of 2nd period - Tim Connolly wins face-off versus Mark Scheifele in Lightning zone.
9:05 of 2nd period - Snap shot by Derek Boogaard.
9:05 of 2nd period - Deflect By Tim Connolly.
9:05 of 2nd period - Shot Misses the Net.
9:05 of 2nd period - Puck is out of play.
9:06 of 2nd period - Anze Kopitar wins face-off versus Brandon Sutter in Lightning zone.
9:19 of 2nd period - Teuvo Teravainen is hit by Conor Sheary and loses puck.
9:38 of 2nd period - Snap shot by Kyle Clifford.
9:38 of 2nd period - Shot Misses the Net.
10:08 of 2nd period - Slapshot by Shayne Gostisbehere.
10:08 of 2nd period - Shot Misses the Net.
10:28 of 2nd period - Wrist shot by Joe Pavelski.
10:28 of 2nd period - Stopped by Jimmy Howard without a rebound.
10:29 of 2nd period - Mark Scheifele wins face-off versus Anze Kopitar in Lightning zone.
11:00 of 2nd period - Slapshot by Brandon Sutter.
11:00 of 2nd period - Stopped by Jonathan Bernier with a rebound.
11:02 of 2nd period - Snap shot by Sergei Shirokov.
11:02 of 2nd period - Stopped by Jonathan Bernier without a rebound.
11:03 of 2nd period - Mark Scheifele wins face-off versus Nathan MacKinnon in Kings zone.
11:12 of 2nd period - Snap shot by Joe Pavelski.
11:12 of 2nd period - Shot Misses the Net.
11:14 of 2nd period - Wrist shot by Joe Pavelski.
11:14 of 2nd period - Stopped by Jimmy Howard with a rebound.
11:32 of 2nd period - Slapshot by Sergei Shirokov.
11:32 of 2nd period - Shot Blocked by Tyler Toffoli.
11:56 of 2nd period - Slapshot by Ondrej Palat.
11:56 of 2nd period - Stopped by Jonathan Bernier with a rebound.
11:58 of 2nd period - Backhand shot by Jesper Fast.
11:58 of 2nd period - Shot Misses the Net.
12:00 of 2nd period - Snap shot by Oscar Sundqvist.
12:00 of 2nd period - Goal by Oscar Sundqvist - Lightning : 1 - Kings : 2.
12:01 of 2nd period - Anze Kopitar wins face-off versus Mark Scheifele in neutral zone.
12:54 of 2nd period - Slapshot by Nathan MacKinnon.
12:54 of 2nd period - Stopped by Jimmy Howard without a rebound.
12:55 of 2nd period - Mark Scheifele wins face-off versus Nathan MacKinnon in Lightning zone.
13:57 of 2nd period - Shayne Gostisbehere is hit by Robert Hagg and loses puck.
14:25 of 2nd period - Icing by Kevin Shattenkirk.
14:26 of 2nd period - Nathan MacKinnon wins face-off versus Oscar Sundqvist in Lightning zone.
14:33 of 2nd period - Snap shot by Jesper Fast.
14:33 of 2nd period - Shot Blocked by Aaron Ekblad.
14:35 of 2nd period - Slapshot by Kevin Shattenkirk.
14:35 of 2nd period - Stopped by Jonathan Bernier without a rebound.
14:36 of 2nd period - Anze Kopitar wins face-off versus Mark Scheifele in Kings zone.
16:05 of 2nd period - Slapshot by Seth Jones.
16:05 of 2nd period - Stopped by Jimmy Howard with a rebound.
16:56 of 2nd period - Slapshot by Shayne Gostisbehere.
16:56 of 2nd period - Deflect By Oscar Sundqvist.
16:56 of 2nd period - Shot Misses the Net.
16:56 of 2nd period - Puck is out of play.
16:57 of 2nd period - Oscar Sundqvist wins face-off versus Anze Kopitar in Kings zone.
17:10 of 2nd period - Slapshot by Shayne Gostisbehere.
17:10 of 2nd period - Shot Misses the Net.
17:12 of 2nd period - Snap shot by Ondrej Palat.
17:12 of 2nd period - Shot Misses the Net.
17:14 of 2nd period - Snap shot by Jesper Fast.
17:14 of 2nd period - Stopped by Jonathan Bernier with a rebound.
17:16 of 2nd period - Wrist shot by Jesper Fast.
17:16 of 2nd period - Goal by Jesper Fast - Lightning : 2 - Kings : 2.
17:17 of 2nd period - Anze Kopitar wins face-off versus Mark Scheifele in neutral zone.
17:19 of 2nd period - Minor Penalty to Anze Kopitar for Slashing.
17:20 of 2nd period - Nick Bjugstad wins face-off versus Tyler Toffoli in Kings zone.
19:19 of 2nd period - Penalty to Anze Kopitar is over, Anze Kopitar is back on ice.
Goals for this period are 2 for Lightning vs 0 for Kings.
Shots for this period are 13 for Lightning vs 9 for Kings.
3rd period
0:01 of 3rd period - Anze Kopitar wins face-off versus Mark Scheifele in neutral zone.
0:41 of 3rd period - Snap shot by Nick Bjugstad.
0:41 of 3rd period - Stopped by Jonathan Bernier without a rebound.
0:42 of 3rd period - Anze Kopitar wins face-off versus Brandon Sutter in Kings zone.
0:44 of 3rd period - Minor Penalty to Colton Parayko for Hooking.
0:45 of 3rd period - Anze Kopitar wins face-off versus Mark Scheifele in Kings zone.
1:23 of 3rd period - Robert Hagg is hit by Joni Pitkanen and loses puck.
1:34 of 3rd period - Minor Penalty to Joni Pitkanen for Boarding.
1:35 of 3rd period - Mark Scheifele wins face-off versus Anze Kopitar in Lightning zone.
2:26 of 3rd period - Wrist shot by Tyler Toffoli.
2:26 of 3rd period - Shot Misses the Net.
2:44 of 3rd period - Penalty to Colton Parayko is over, Colton Parayko is back on ice.
2:52 of 3rd period - Snap shot by Teuvo Teravainen.
2:52 of 3rd period - Stopped by Jimmy Howard without a rebound.
2:53 of 3rd period - Conor Sheary wins face-off versus Nathan MacKinnon in Lightning zone.
3:34 of 3rd period - Penalty to Joni Pitkanen is over, Joni Pitkanen is back on ice.
4:15 of 3rd period - Snap shot by Jesper Fast.
4:15 of 3rd period - Shot Misses the Net.
4:17 of 3rd period - Snap shot by Oscar Sundqvist.
4:17 of 3rd period - Shot Misses the Net.
4:19 of 3rd period - Snap shot by Ondrej Palat.
4:19 of 3rd period - Stopped by Jonathan Bernier without a rebound.
4:20 of 3rd period - Brandon Sutter wins face-off versus Anze Kopitar in Kings zone.
4:54 of 3rd period - Snap shot by Jimmy Vesey.
4:54 of 3rd period - Stopped by Jonathan Bernier with a rebound.
4:56 of 3rd period - Slapshot by Brent Seabrook.
4:56 of 3rd period - Stopped by Jonathan Bernier without a rebound.
4:57 of 3rd period - Nathan MacKinnon wins face-off versus Mark Scheifele in Kings zone.
5:10 of 3rd period - Snap shot by Aaron Ekblad.
5:10 of 3rd period - Shot Misses the Net.
5:12 of 3rd period - Snap shot by Gabriel Landeskog.
5:12 of 3rd period - Stopped by Jimmy Howard without a rebound.
5:13 of 3rd period - Brandon Sutter wins face-off versus Anze Kopitar in Lightning zone.
5:13 of 3rd period - Brandon Sutter is hit by Seth Jones.
5:19 of 3rd period - Brandon Sutter is hit by Colton Parayko and loses puck.
6:09 of 3rd period - Jesper Fast is hit by Nathan MacKinnon and loses puck.
6:34 of 3rd period - Snap shot by Henrik Sedin.
6:34 of 3rd period - Stopped by Jimmy Howard with a rebound.
6:46 of 3rd period - Joni Pitkanen is hit by Anze Kopitar and loses puck.
7:19 of 3rd period - Snap shot by Kyle Clifford.
7:19 of 3rd period - Shot Misses the Net.
8:00 of 3rd period - Snap shot by Jimmy Vesey.
8:00 of 3rd period - Deflect By Brayden Point.
8:00 of 3rd period - Stopped by Jonathan Bernier with a rebound.
8:16 of 3rd period - Joe Pavelski is hit by Sergei Shirokov and loses puck.
9:04 of 3rd period - Jonathan Drouin is hit by Oscar Sundqvist and loses puck.
9:21 of 3rd period - Anze Kopitar is hit by Shayne Gostisbehere and loses puck.
9:58 of 3rd period - Joni Pitkanen is hit by Derek Boogaard.
10:04 of 3rd period - Wrist shot by Tim Connolly.
10:04 of 3rd period - Shot Blocked by Derek Meech.
10:08 of 3rd period - Wrist shot by Derek Boogaard.
10:08 of 3rd period - Goal by Derek Boogaard - Lightning : 2 - Kings : 3.
10:09 of 3rd period - Anze Kopitar wins face-off versus Brandon Sutter in neutral zone.
10:12 of 3rd period - Conor Sheary is hit by Teuvo Teravainen and loses puck.
10:55 of 3rd period - Off-side.
10:56 of 3rd period - Henrik Sedin wins face-off versus Brayden Point in neutral zone.
11:05 of 3rd period - Jimmy Vesey is hit by Henrik Sedin and loses puck.
11:12 of 3rd period - Robert Hagg is hit by Justin Schultz and loses puck.
11:47 of 3rd period - Wrist shot by Nick Bjugstad.
11:47 of 3rd period - Stopped by Jonathan Bernier without a rebound.
11:48 of 3rd period - Nathan MacKinnon wins face-off versus Brandon Sutter in Kings zone.
11:50 of 3rd period - Minor Penalty to Colton Parayko for Cross-checking.
11:51 of 3rd period - Mark Scheifele wins face-off versus Joe Pavelski in Kings zone.
12:03 of 3rd period - Snap shot by Kyle Clifford.
12:03 of 3rd period - Stopped by Jonathan Bernier with a rebound.
13:50 of 3rd period - Penalty to Colton Parayko is over, Colton Parayko is back on ice.
14:06 of 3rd period - Slapshot by Aaron Ekblad.
14:06 of 3rd period - Stopped by Jimmy Howard with a rebound.
14:12 of 3rd period - Aaron Ekblad is hit by Sergei Shirokov and loses puck.
14:33 of 3rd period - Oscar Sundqvist is hit by Tim Connolly and loses puck.
14:48 of 3rd period - Conor Sheary is hit by Colton Parayko and loses puck.
15:25 of 3rd period - Wrist shot by Teuvo Teravainen.
15:25 of 3rd period - Stopped by Jimmy Howard with a rebound.
15:35 of 3rd period - Minor Penalty to Teuvo Teravainen for Tripping.
15:36 of 3rd period - Mark Scheifele wins face-off versus Anze Kopitar in Kings zone.
17:35 of 3rd period - Penalty to Teuvo Teravainen is over, Teuvo Teravainen is back on ice.
17:40 of 3rd period - Derek Boogaard is hit by Derek Meech and loses puck.
18:01 of 3rd period - Snap shot by Mikko Rantanen.
18:01 of 3rd period - Shot Misses the Net.
18:03 of 3rd period - Slapshot by Dalton Prout.
18:03 of 3rd period - Stopped by Jimmy Howard without a rebound.
18:04 of 3rd period - Ondrej Palat wins face-off versus Mikko Rantanen in Lightning zone.
18:09 of 3rd period - Wrist shot by Jesper Fast.
18:09 of 3rd period - Stopped by Jonathan Bernier without a rebound.
18:10 of 3rd period - Brayden Point wins face-off versus Henrik Sedin in Kings zone.
18:19 of 3rd period - Slapshot by Kevin Shattenkirk.
18:19 of 3rd period - Shot Blocked by Seth Jones.
18:21 of 3rd period - Snap shot by Jimmy Vesey.
18:21 of 3rd period - Stopped by Jonathan Bernier with a rebound.
18:23 of 3rd period - Snap shot by Shayne Gostisbehere.
18:23 of 3rd period - Shot Misses the Net.
18:25 of 3rd period - Snap shot by Nikolaj Ehlers.
18:25 of 3rd period - Stopped by Jonathan Bernier without a rebound.
18:26 of 3rd period - Mark Scheifele wins face-off versus Tim Connolly in Kings zone.
18:29 of 3rd period - Wrist shot by Kyle Clifford.
18:29 of 3rd period - Stopped by Jonathan Bernier with a rebound.
18:31 of 3rd period - Wrist shot by Kyle Clifford.
18:31 of 3rd period - Stopped by Jonathan Bernier without a rebound.
18:32 of 3rd period - Tim Connolly wins face-off versus Mark Scheifele in Kings zone.
18:59 of 3rd period - Lightning, Jimmy Howard is pulled from the net.
19:03 of 3rd period - Wrist shot by Kyle Clifford.
19:03 of 3rd period - Stopped by Jonathan Bernier with a rebound.
19:09 of 3rd period - Wrist shot by Nick Bjugstad.
19:09 of 3rd period - Shot Misses the Net.
19:11 of 3rd period - Snap shot by Nick Bjugstad.
19:11 of 3rd period - Lightning goal is going for a video replay.
19:11 of 3rd period - The goal is refused. The goalkeeper has been pushed into the net together with the puck after making a save..
19:12 of 3rd period - John Tortorella call a timeout for Lightning.
19:12 of 3rd period - Gabriel Landeskog wins face-off versus Mark Scheifele in Kings zone.
19:19 of 3rd period - Mark Scheifele is hit by Colton Parayko and loses puck.
19:34 of 3rd period - Snap shot by Mark Scheifele.
19:34 of 3rd period - Shot Misses the Net.
19:36 of 3rd period - Slapshot by Shayne Gostisbehere.
19:36 of 3rd period - Stopped by Jonathan Bernier with a rebound.
19:40 of 3rd period - Slapshot by Nick Bjugstad.
19:40 of 3rd period - Stopped by Jonathan Bernier with a rebound.
19:42 of 3rd period - Slapshot by Kevin Shattenkirk.
19:42 of 3rd period - Stopped by Jonathan Bernier with a rebound.
19:44 of 3rd period - Snap shot by Kevin Shattenkirk.
19:44 of 3rd period - Stopped by Jonathan Bernier without a rebound.
19:45 of 3rd period - Mark Scheifele wins face-off versus Anze Kopitar in Kings zone.
19:58 of 3rd period - Wrist shot by Mark Scheifele.
19:58 of 3rd period - Stopped by Jonathan Bernier with a rebound.
Goals for this period are 0 for Lightning vs 1 for Kings.
Shots for this period are 19 for Lightning vs 7 for Kings.